 Dungeon Crawl Stone Soup version 0.23.2-40-g277498a001 (webtiles) character file.

Game seed: 13894909245642939027

137 ChadusMaximus the Skirmisher (level 5, -2/47 HPs)
             Began as a Minotaur Abyssal Knight on Sept 12, 2019.
             Was a Follower of Yredelemnul.
             Slain by a thrashing horror (7 damage)
             ... created by the touch of Lugonu
             ... on level 3 of the Dungeon.
             The game lasted 00:11:14 (2068 turns).

ChadusMaximus the Skirmisher (MiAK)                 Turns: 2068, Time: 00:11:14

Health: -2/47      AC:  5    Str: 18    XL:     5   Next: 0%
Magic:  5/5        EV: 11    Int: 14    God:    Yredelemnul [*.....]
Gold:   146        SH:  0    Dex:  9    Spells: 4/4 levels left

rFire    . . .     SeeInvis .   a - +1 spear
rCold    . . .     Gourm    .   (no shield)
rNeg     . . .     Faith    .   l - +0 ring mail
rPois    .         Spirit   .   (helmet restricted)
rElec    .         Reflect  .   (no cloak)
rCorr    .         Harm     .   (no gloves)
MR       .....                  (no boots)
Stlth    ..........             (no amulet)
HPRegen  0.15/turn              s - +5 ring of intelligence
MPRegen  0.09/turn              (no ring)

@: no status effects
A: retaliatory headbutt, horns 2
a: Animate Remains, Renounce Religion


You were on level 3 of the Dungeon.
You worshipped Yredelemnul.
Yredelemnul was aware of your devotion.
You were not hungry.

You visited 1 branch of the dungeon, and saw 3 of its levels.
You visited the Abyss 1 time.

You collected 146 gold pieces.

Inventory:

Hand Weapons
 a - a +1 spear (weapon)
 t - a +0 trident
Missiles
 g - 22 bolts (quivered)
 p - 23 poisoned needles
Armour
 b - a +0 leather armour
 l - a +0 ring mail (worn)
Jewellery
 s - a +5 ring of intelligence (left hand)
Wands
 m - a wand of polymorph (6)
Scrolls
 f - a scroll of fear {unknown}
 h - 2 scrolls of fog {unknown}
 j - 2 scrolls of teleportation {unknown}
 k - 2 scrolls of random uselessness {unknown}
 n - a scroll of blinking {unknown}
 q - 3 scrolls of identify {unknown}
 r - 2 scrolls of remove curse {unknown}
Potions
 d - a potion of ambrosia {unknown}
 e - a potion of cancellation {unknown}
 i - a potion of heal wounds {unknown}
 u - a potion of curing {unknown}
Comestibles
 c - 8 rations
 o - 4 chunks of flesh


   Skills:
 + Level 4.8 Fighting
 + Level 4.3 Polearms
 + Level 3.4 Armour
 + Level 1.9 Dodging
 + Level 0.1 Stealth
 + Level 1.9 Invocations


You had 4 spell levels left.
You didn't know any spells.
Your spell library was empty.

Dungeon Overview and Level Annotations

Branches:
Dungeon (3/15)

Altars:
Yredelemnul
The Shining One


Innate Abilities, Weirdness & Mutations

You reflexively headbutt those who attack you in melee.
You have a pair of horns on your head.


Message History

You hit the thrashing horror but do no damage.
The thrashing horror tramples you.
You hold your ground!
The thrashing horror tramples you but does no damage.
You bump into the rock wall.
The thrashing horror roars!
The thrashing horror tramples you!
You are shoved backwards!
The thrashing horror roars!
The thrashing horror closely misses you.
The thrashing horror tramples you but does no damage.
You bump into the rock wall.
You feel less confused. The thrashing horror tramples you!
* * * LOW HITPOINT WARNING * * *
You stumble backwards!
The thrashing horror closely misses you.
You furiously retaliate!
You headbutt the thrashing horror, but do no damage.
The thrashing horror tramples you!
You die...
Your body rises from the dead as a mindless zombie.

#.#####. #.# #.# # #....##. #.#
#.#.# .....#.# ###.#####.#.#.##
#....#.###>........... .
#....#........######.#.#
##....#...........###.#.#
#.....#..##........Z....#
#####.###.#..##....##.###.###
#......##Z#..##@...##.# #.#
#...8..##.#..##X...##.# #.####..
#..8_8.......##....##.# #.......
#...8..##.##.##.......###..###..
#......##.##.##.##..............
#.#.................#####..###.#
#...##.##.##.##.................
#.........##.##.###.#####..###.#
###.#####......>###.#####..###.#


You could see a thrashing horror.

Vanquished Creatures
  A jelly (D:3)
  2 adders
  5 worms
  2 dart slugs
  A leopard gecko (D:1)
  4 bats
  2 giant cockroaches (D:1)
  15 goblins
  5 hobgoblins
  11 jackals
  6 kobolds
  A quokka (D:2)
  2 ball pythons (D:2)
  5 frilled lizards
  3 rats (D:1)
65 creatures vanquished.

Notes
Turn   | Place    | Note
-------+----------+-------------------------------------------
     0 | Abyss:1  | ChadusMaximus the Minotaur Abyssal Knight began the quest
                  | for the Orb.
     0 | Abyss:1  | Reached XP level 1. HP: 19/19 MP: 1/1
    15 | D:1      | Escaped the Abyss
   136 | D:1      | Reached XP level 2. HP: 21/27 MP: 2/2
   302 | D:1      | Reached ** piety under Lugonu
   552 | D:1      | Reached XP level 3. HP: 34/34 MP: 3/3
  1407 | D:2      | Reached XP level 4. HP: 38/41 MP: 4/4
  1682 | D:2      | Found a glowing golden altar of the Shining One.
  1909 | D:3      | Found a faded altar of an unknown god.
  1940 | D:3      | Fell from the grace of Lugonu
  1940 | D:3      | Became a worshipper of Yredelemnul the Dark
  1940 | D:3      | Reached * piety under Yredelemnul
  2034 | D:3      | Reached XP level 5. HP: 44/47 MP: 5/5
  2061 | D:3      | Noticed a thrashing horror
  2068 | D:3      | Slain by a thrashing horror

Skill      XL: |  1  2  3  4 |
---------------+-------------+-----
Fighting       | 4 |  4.8
Polearms       | 3 4 |  4.3
Armour         | 3 |  3.4
Dodging        | |  1.9
Stealth        | |  0.1
Invocations    | |  1.9

Action                   |  1- 3 |  4- 6 || total
-------------------------+-------+-------++-------
Melee: Spear             |    91 |    58 ||   149
       Headbutt          |    12 |     8 ||    20
Invok: Bend Space        |     1 |       ||     1
       Animate Remains   |       |     1 ||     1
  Eat: Chunk             |     1 |     3 ||     4
Armor: Leather armour    |    21 |       ||    21
       Ring mail         |    12 |    20 ||    32
Dodge: Dodged            |    65 |    34 ||    99
